 Dungeon Crawl Stone Soup version 0.29-a0-962-gc8bbfd0a37 (webtiles) character file.

Game seed: 4266874275978220225

4 spiderkeys the Poker (level 1, -1/16 HPs)
             Began as an Octopode Chaos Knight on July 31, 2022.
             Was a Plaything of Xom.
             Slain by a hobgoblin (3 damage)
             ... on level 1 of the Dungeon.
             The game lasted 00:00:18 (177 turns).

spiderkeys the Poker (Octopode Chaos Knight)         Turns: 177, Time: 00:00:19

Health: -1/16      AC:  1    Str: 11    XL:     1   Next: 60%
Magic:  1/1        EV: 13    Int: 14    God:    Xom [..*...]
Gold:   11         SH:  0    Dex: 11    Spells: 0/0 levels left

rFire   . . .      SeeInvis .   a - +0 spear (chaos)
rCold   . . .      Faith    .   (no shield)
rNeg    . . .      Spirit   .   (helmet restricted)
rPois   .          Reflect  .   (no amulet)
rElec   .          Harm     .   (no ring)
rCorr   .          Rampage  .   (no ring)
Will    .....                   (no ring)
Stlth   ++........              (no ring)
HPRegen 0.05/turn               (no ring)
MPRegen 0.07/turn               (no ring)
                                (no ring)
                                (no ring)

@: no status effects
A: almost no armour, amphibious, 8 rings, camouflage 1, gelatinous body 1,
(nimble swimmer 1), tentacles
a: Renounce Religion


You were on level 1 of the Dungeon.
You worshipped Xom.
You were a toy of Xom.
You visited 1 branch of the dungeon, and saw 1 of its levels.

You collected 11 gold pieces.


Innate Abilities, Weirdness & Mutations

You cannot wear most types of armour.
You are amphibious.
You can wear up to eight rings at the same time.
Your skin changes colour to match your surroundings (Stealth+).
Your rubbery body absorbs attacks. (AC +1, EV +1)
((You are camouflaged when in or above water. (Stealth+)))
You have tentacles for arms and can constrict up to eight enemies at once.


   Skills:
 + Level 3.1 Fighting
 + Level 3.1 Polearms
 + Level 2.4 Dodging


You couldn't memorise any spells.
You didn't know any spells.
Your spell library was empty.

Inventory:

Hand Weapons
 a - a +0 spear of chaos (weapon)
Scrolls
 c - a scroll of identify {@r1}
Miscellaneous
 b - a piece from Xom's chessboard (15/15) (quivered)

Dungeon Overview and Level Annotations

Branches:
Dungeon (1/15) Zot: 5822

Altars:

#..............
#..............
######..........Sr..
#...........#####...
#...........#
#......S....#
#......Jg...#
#######g##### #@####
#....# ####.# #.#
#.# #####.# #.....#
#.##### ##.....###


You could see an endoplasm, 2 hobgoblins and a ball python.


Message History

🤖 Initializing magus.rc ...
Options error: Bad monster_list_colour key: strict_neutral (~/.crawlrc:5438) Bad channel name for runrest: 'pray:' ✅ Successfully initialized magus.rc [v1.11.3] Welcome, spiderkeys the Octopode Chaos Knight.
Will you be the one to retrieve the fantabulous Orb of Zot from the depths?
Xom says: A new plaything!
Press ? for a list of commands and other information.
Found a staircase leading out of the dungeon.
A frilled lizard comes into view.
You see here a scroll labelled LON LYAGENT.
You reach to attack!
The helpless frilled lizard fails to defend itself.
You hit the frilled lizard.
You kill the frilled lizard!
No target in view!
No target in view!
c - a scroll labelled LON LYAGENT You see here a frilled lizard corpse.
A rat comes into view.
You reach to attack!
The helpless rat fails to defend itself.
You hit the rat. You hit the rat. You freeze the rat.
You kill the rat!
You see here a rat corpse.
You see here a rat corpse.
Key pressed, stopping explore.
c - 2 scrolls labelled LON LYAGENT (gained 1)
You now have 11 gold pieces.
A ball python comes into view.
The ball python hisses angrily.
The ball python closely misses you. The ball python barely misses you.
You hit the ball python. You freeze the ball python.
You kill the ball python!
No target in view!
No target in view!
You see here a ball python corpse.
Key pressed, stopping explore.
You open the door.
There is an open door here.
A kobold comes into view. It is wielding a +0 short sword.
A hobgoblin comes into view.
An endoplasm and a hobgoblin come into view.
The kobold shouts!
You reach to attack!
The hobgoblin shouts! x2
You hit the kobold. You closely miss the kobold. You grab the kobold.
You constrict the kobold, but do no damage.
The kobold closely misses you.
A ball python comes into view.
The hobgoblin hits you.
A quokka comes into view. 😮 HP[-5]
You take 5 damage, and now have 11/16 hp.
MASSIVE DAMAGE!! (PAUSE)
As you read the scroll labelled LON LYAGENT, it crumbles to dust.
It is a scroll of identify.
You don't have any unidentified items.
You constrict the kobold, but do no damage.
The kobold closely misses you. The hobgoblin closely misses you.
You release your grip on the kobold.
The endoplasm attacks as you move away! The endoplasm hits you.
* * * LOW HITPOINT WARNING * * *
The hobgoblin attacks as you move away! The hobgoblin hits you.
* * * LOW HITPOINT WARNING * * *
😨 HP[-5]
You take 5 damage, and now have 6/16 hp.
MASSIVE DAMAGE!! (PAUSE) Xom almost notices you.
Your piece from Xom's chessboard (15/15) falls out of your pack, then immediately jumps back in!
There is an open door here.
You hit the kobold.
The kobold is poisoned.
Your grab misses the kobold.
The kobold hits you with a +0 short sword.
* * * LOW HITPOINT WARNING * * *
😱 HP[-4]
You take 4 damage, and now have 2/16 hp.
MASSIVE DAMAGE!! (PAUSE)
You hit the kobold but do no damage.
The kobold resists with some effort.
Your grab misses the kobold.
You kill the kobold!
You barely miss the hobgoblin. Your grab misses the hobgoblin.
The hobgoblin barely misses you.
You hit the hobgoblin. You grab the hobgoblin.
You constrict the hobgoblin, but do no damage.
The hobgoblin hits you.
You die...

Action                   || total
-------------------------++-------
Melee: Spear             ||    10
       Constrict         ||     2
  Use: Scroll            ||     1
 Stab: Sleeping          ||     2
Dodge: Dodged            ||     6

Levels and vault maps discovered:
D:1:      kilobyte_arrival_exit_the_forest, layout_basic,
          hellmonk_ecumenical_altar_heavens_door, minmay_pentomino_x4

Notes
Turn   | Place    | Note
-------+----------+-------------------------------------------
     0 | D:1      | spiderkeys the Octopode Chaos Knight began the quest for
                  | the Orb.
     0 | D:1      | Reached XP level 1. HP: 16/16 MP: 1/1
     0 | D:1      | magus.rc [v1.11.3]
   171 | D:1      | XOM: silly message
   174 | D:1      | HP: 2/16 [kobold/+0 short sword (4)]
   177 | D:1      | Slain by a hobgoblin

Vanquished Creatures
  A ball python (D:1)
  A kobold (D:1)
  A frilled lizard (D:1)
  A rat (D:1)
4 creatures vanquished.

Table legend:
 A = Non-vault XP
 B = Vault XP
 C = Vault XP percentage of total XP
 D = Non-vault monster count
 E = Vault monster count
 F = Vault count percentage of total count
                 A         B        C        D         E       F
            +---------+---------+-------+---------+---------+-------
      Total |       6 |       0 |   0.0 |       4 |       0 |   0.0
            +---------+---------+-------+---------+---------+-------
        D:1 |       6 |       0 |   0.0 |       4 |       0 |   0.0
            +---------+---------+-------+---------+---------+-------

Illustrated notes

Table legend:
 A = Kills in this place as a percentage of kills in entire the game.
 B = Kills by you in this place as a percentage of kills by you in the entire game.
 C = Kills by friends in this place as a percentage of kills by friends in the entire game.
 D = Other kills in this place as a percentage of other kills in the entire game.
 E = Experience gained in this place as a percentage of experience gained in the entire game.
 F = Experience gained in this place divided by the number of levels of this place that you have seen.
                   A       B       C       D       E      F
               +-------+-------+-------+-------+-------+----------------------
         Total | 100.0 | 100.0 |   N/A |   N/A | 100.0 |   6.0
       Dungeon | 100.0 | 100.0 |   N/A |   N/A | 100.0 |   6.0
               +-------+-------+-------+-------+-------+----------------------

Table legend: (Time is in decaauts)
 A = Elapsed time spent in this place.
 B = Non-inter-level travel time spent in this place.
 C = Inter-level travel time spent in this place.
 D = Time resting spent in this place.
 E = Time spent auto-exploring this place.
 F = Levels seen in this place.
 G = Mean time per level.
                   A        B        C        D        E       F      G
               +--------+--------+--------+--------+--------+-----+--------+
         Total |    176 |    176 |      0 |      0 |    145 |   1 |  176.0 |
       Dungeon |    176 |    176 |      0 |      0 |    145 |   1 |  176.0 |
               +--------+--------+--------+--------+--------+-----+--------+

Top non-repeatable levels by time:
     D:1: 176 daAuts
